 Dungeon Crawl Stone Soup version 0.23-a0-307-gc3b755d (webtiles) character file.

127 DrChives the Covered (level 4, 0/40 HPs)
             Began as a Minotaur Fighter on Oct 9, 2018.
             Slain by a gnoll
             ... wielding a +0 halberd of flaming
              (12 damage)
             ... on level 4 of the Dungeon.
             The game lasted 00:07:18 (2140 turns).

DrChives the Covered (Minotaur Fighter)             Turns: 2140, Time: 00:07:19

Health: 0/40       AC:  9    Str: 21    XL:     4   Next: 85%
Magic:  12/12      EV:  8    Int:  5    God:
Gold:   124        SH:  9    Dex: 10    Spells: 3/3 levels left

rFire    . . .     SeeInvis .   a - +1 trident
rCold    . . .     Gourm    .   c - +0 shield
rNeg     . . .     Faith    .   b - +0 scale mail
rPois    .         Spirit   .   (helmet restricted)
rElec    .         Reflect  .   g - +0 cloak
rCorr    .         Harm     .   e - +0 pair of gloves
MR       .....                  (no boots)
Stlth    ..........             (no amulet)
HPRegen  0.13/turn              j - ring of magical power
MPRegen  0.13/turn              k - ring of flight

@: no status effects
A: retaliatory headbutt, horns 2
a: Evoke Flight


You were on level 4 of the Dungeon.
You were very full.

You visited 1 branch of the dungeon, and saw 4 of its levels.

You collected 124 gold pieces.

Inventory:

Hand Weapons
 a - a +1 trident (weapon)
Armour
 b - a +0 scale mail (worn)
 c - a +0 shield (worn)
 e - a +0 pair of gloves (worn)
 g - a +0 cloak (worn)
Jewellery
 j - a ring of magical power (left hand)
 k - a ring of flight (right hand)
Wands
 o - a wand of clouds (4)
 p - a wand of acid (8)
Scrolls
 h - 2 scrolls of immolation
 i - 2 scrolls of teleportation
 l - 6 scrolls of identify
 n - a scroll of blinking {unknown}
Potions
 d - 2 potions of might
 m - a potion of lignification
 q - a potion of heal wounds
 r - a potion of haste {unknown}
 s - a potion of magic {unknown}
 t - 2 potions of curing {unknown}
Comestibles
 f - 7 rations


   Skills:
 + Level 4.0 Fighting
 + Level 4.0 Polearms
 + Level 5.0 Armour
 + Level 1.1 Dodging
 + Level 4.1 Shields


You had 3 spell levels left.
You didn't know any spells.
Your spell library was empty.

Dungeon Overview and Level Annotations

Branches:
Dungeon (4/15)
 Temple: D:4-7

Altars:
Ashenzari
Elyvilon


Innate Abilities, Weirdness & Mutations

You reflexively headbutt those who attack you in melee.
You have a pair of horns on your head.


Message History

Deactivating autopickup; reactivate with Ctrl-A.
The orc shouts!
You hit the gnoll. Your headbutt misses the gnoll.
The gnoll is heavily wounded.
You hear a shout!
You block the gnoll's attack. x2
An orc comes into view. It is wielding a hand axe.
You hit the gnoll.
The gnoll is heavily wounded.
The gnoll hits you but does no damage. Something hits you but does no damage.
You block the gnoll's attack.
The orc priest hits you but does no damage.
You puncture the gnoll!
You kill the gnoll!
Your Armour skill increases to level 5!
Something hits you but does no damage. The orc hits you but does no damage.
The orc priest closely misses you. You furiously retaliate!
You headbutt the orc priest!
The gnoll hits you from afar with a halberd of flaming!
You die...

>### ..# ..#..
..# ..... #..#
#....# ##...
.....o###..#
...#..o...#
#....#...o#
#....)g)@######
##.....o........
#....#..........
#...#....######.
#..##...##
#.###....# #.#
#.....### . ..
#...#...##..#
#..###......#
#..


You could see an orc priest, a gnoll and 3 orcs.

Vanquished Creatures
  4 adders
  3 gnolls (D:4)
  2 worms
  2 dart slugs
  2 orcs (D:3)
  A giant cockroach (D:2)
  7 goblins
  10 hobgoblins
  4 kobolds
  2 quokkas
  5 bats
  4 frilled lizards
  A quokka skeleton (D:4)
  5 rats
52 creatures vanquished.

Notes
Turn   | Place    | Note
-------+----------+-------------------------------------------
     0 | D:1      | DrChives the Minotaur Fighter began the quest for the Orb.
     0 | D:1      | Reached XP level 1. HP: 19/19 MP: 0/0
   119 | D:1      | Reached XP level 2. HP: 20/27 MP: 1/1
   356 | D:1      | Reached skill level 4 in Armour
   869 | D:2      | Found a shattered altar of Ashenzari.
   900 | D:2      | Found a white marble altar of Elyvilon.
  1070 | D:2      | Reached XP level 3. HP: 33/33 MP: 2/2
  1513 | D:3      | Reached XP level 4. HP: 33/40 MP: 3/3
  2135 | D:4      | Reached skill level 1 in Dodging
  2140 | D:4      | Reached skill level 5 in Armour
  2140 | D:4      | Slain by a gnoll

Vault maps used:
D:1:      lightli_arrival_noodles, dk_noncrumbling_4
D:2:      lemuel_crystal_altar, lemuel_crystal_altar, first_ration
D:4:      yredelemnul_altar_generic, serial_shops, kennysheep_mini,
          minivault_27, kennysheep_slug_shrine

Skill      XL: |  1  2  3  4 |
---------------+-------------+-----
Armour         | 4 5 |  5.0
Polearms       | 3 4 |  4.0
Shields        | 4 |  4.1
Fighting       | 4 |  4.0
Dodging        | 1 |  1.1

Action                   |  1- 3 |  4- 6 || total
-------------------------+-------+-------++-------
Melee: Trident           |    90 |    40 ||   130
       Headbutt          |    13 |     9 ||    22
  Use: Scroll            |     3 |       ||     3
       Potion            |       |     3 ||     3
  Eat: Ration            |       |     3 ||     3
Armor: Scale mail        |    39 |    23 ||    62
Dodge: Dodged            |    27 |    16 ||    43
Block: Shield            |    41 |    32 ||    73

Table legend:
 A = Non-vault XP
 B = Vault XP
 C = Vault XP percentage of total XP
 D = Non-vault monster count
 E = Vault monster count
 F = Vault count percentage of total count
                 A         B        C        D         E       F
            +---------+---------+-------+---------+---------+-------
      Total |     182 |       0 |   0.0 |      52 |       0 |   0.0
            +---------+---------+-------+---------+---------+-------
        D:1 |      34 |       0 |   0.0 |      20 |       0 |   0.0
        D:2 |      39 |       0 |   0.0 |      13 |       0 |   0.0
        D:3 |      61 |       0 |   0.0 |      13 |       0 |   0.0
        D:4 |      48 |       0 |   0.0 |       6 |       0 |   0.0
            +---------+---------+-------+---------+---------+-------
